Cogmind - Beta 10.2 @@@ ROGUE MODE // 2021.11.23 @ 21:52:52 Player: Phaethon Result: Destroyed by G3-FH1(z) with Zionite Laser-S Performance ------------- Evolutions (3) 1500 Regions Visited (12) 2400 Robots Destroyed (71) 355 Value Destroyed (2392) 2392 Prototype IDs (40) 800 Alien Tech Used (0) 0 Bonus (2546) 2546 TOTAL SCORE: 9993 Bonus ------- High Alert Combat Kills 24 Follower Combat Kills 656 Aligned with FarCom 300 Destroyed Z-Imprinter 1000 Triggered Deep Caves Wall 500 Exposed GOLEM Chamber 500 Friendly Fire -434 Cogmind --------- Core Integrity 0/700 Matter 290/300 Energy 584/1100 System Corruption 0% Temperature Cool (369) Movement Walking (169) Ox1 Location -7/Deep Caves Parts ------- > --- POWER (1) -------- (None) > --- PROPULSION (3) --- Zionite Composite Leg I Assembled Alloy Leg Assembled Alloy Leg > --- UTILITY (6) ------ High-capacity Storage Unit High-capacity Storage Unit High-capacity Storage Unit Assembled Biocell Array GOLEM Unit > --- WEAPON (3) ------- Assembled Focal Cannon > --- INVENTORY (28) --- Light Deuterium Engine Enhanced Flexi-carbon Leg Experimental Heat Sink Zionite Biocell Zionite Biocell Surveybot 24 Scanner Surveybot 24 Chip 0b10 Alert Chip Improved Targeting Computer Makeshift Transmission Jammer Damper Plating Advanced Hacking Suite Sensor Drone Bay (20/20) Army-in-a-Box (30/30) GOLEM Unit GOLEM Unit GOLEM Unit Peak State ------------ > --- POWER ------------ Zionite Light DM Reactor > --- PROPULSION ------- Enhanced Flexi-carbon Leg Assembled Alloy Leg Assembled Alloy Leg > --- UTILITY ---------- High-capacity Storage Unit High-capacity Storage Unit High-capacity Storage Unit Assembled Biocell Array GOLEM Unit > --- WEAPON ----------- Zionite Laser-M Assembled Focal Cannon Makeshift Hammer > --- INVENTORY -------- Light Deuterium Engine Enhanced Flexi-carbon Leg Experimental Heat Sink Zionite Biocell Surveybot 24 Scanner Surveybot 24 Chip 0b10 Alert Chip Improved Targeting Computer Makeshift Transmission Jammer Damper Plating Advanced Hacking Suite Sensor Drone Bay Army-in-a-Box GOLEM Unit GOLEM Unit GOLEM Unit Gauss Rifle Rocket Array [Rating: 100] Favorites ----------- Power Light Nuclear Core Engine Light Deuterium Engine Power Core Light Nuclear Core Reactor Zionite Light DM Reactor Propulsion Improved Treads Treads Improved Treads Leg Assembled Alloy Leg Wheel Compact Wheel Utility High-capacity Storage Unit Device Sensor Drone Bay Storage High-capacity Storage Unit Hackware Advanced Hacking Suite Protection Improved Medium Armor Plating Weapon Precision Beam Rifle Energy Gun Precision Beam Rifle Energy Cannon Assembled Focal Cannon Ballistic Gun Gauss Rifle Launcher Rocket Array Impact Weapon Shock Maul Special Melee Weapon Datajack Build | -11 -10 -10 -10 -9 -8 -7 -7 -7 -7 -7 -7 -7 ------- Run | Scr Mat Min Exi Min Mat Fac Was Fac Low Low Zio Dee Slots Evolved 6 | . . . . . 4 2 . . . . . . Power . | . . . . . . . . . . . . . Propulsion 1 | . . . . . 1 . . . . . . . Utility 4 | . . . . . 3 1 . . . . . . Weapon 1 | . . . . . . 1 . . . . . . Parts Attached 120 | 7 18 . 2 1 16 2 8 3 1 4 18 40 Power 10 | 1 2 . 1 . 1 . . . . 1 1 3 Engine 7 | 1 2 . 1 . . . . . . 1 1 1 Core 2 | . . . . . 1 . . . . . . 1 Reactor 1 | . . . . . . . . . . . . 1 Propulsion 24 | 2 6 . . . 2 . 1 1 . . 4 8 Treads 13 | . 3 . . . 2 . 1 1 . . 3 3 Leg 6 | . . . . . . . . . . . 1 5 Wheel 5 | 2 3 . . . . . . . . . . . Hover . | . . . . . . . . . . . . . Flight . | . . . . . . . . . . . . . Utility 35 | 2 4 . 1 . 3 1 4 2 1 2 5 10 Device 13 | 1 . . . . 1 . 2 1 1 2 1 4 Storage 14 | 1 4 . 1 . 1 . . . . . 3 4 Processor . | . . . . . . . . . . . . . Hackware 2 | . . . . . . 1 1 . . . . . Protection 6 | . . . . . 1 . 1 1 . . 1 2 Artifact . | . . . . . . . . . . . . . Weapon 51 | 2 6 . . 1 10 1 3 . . 1 8 19 Energy Gun 27 | 2 4 . . . 8 . 2 . . . 2 9 Energy Cannon . | . . . . . . . . . . . . . Ballistic Gun 11 | . 2 . . 1 . 1 . . . 1 2 4 Ballistic Cannon . | . . . . . . . . . . . . . Launcher 5 | . . . . . 2 . . . . . 1 2 Special Weapon . | . . . . . . . . . . . . . Impact Weapon 6 | . . . . . . . 1 . . . 1 4 Slashing Weapon . | . . . . . . . . . . . . . Piercing Weapon . | . . . . . . . . . . . . . Special Melee Weapon 2 | . . . . . . . . . . . 2 . Unidentified Prototypes 10 | . . . . . 1 1 1 . . . 1 6 Parts Lost 27 | . 7 . . . . . . . . 1 . 19 Power 5 | . 2 . . . . . . . . . . 3 Propulsion 7 | . 2 . . . . . . . . . . 5 Utility 4 | . . . . . . . . . . . . 4 Weapon 11 | . 3 . . . . . . . . 1 . 7 Highest Loss Streak 9 | . 2 . . . . . . . . 1 . 9 Average Slot Usage (%) 85 | . 95 85 88 85 89 85 88 84 84 83 75 86 Engine 4 | . 12 . 8 14 4 . . . . 2 6 3 Core 2 | . . . . . 4 7 7 7 7 4 . 2 Treads 15 | . 3 28 28 28 27 23 19 15 15 15 13 6 Leg 2 | . . . . . . . . . . . . 11 Wheel 2 | . 23 . . . . . . . . . . . Device 6 | . . . . . 9 7 7 7 7 7 5 8 Storage 18 | . 27 28 22 14 18 15 15 15 15 15 13 22 Hackware 4 | . . . . . . 4 7 7 7 7 7 3 Protection 4 | . . . . . 9 7 7 7 7 7 6 2 Energy Gun 10 | . 15 . . . 13 15 15 15 15 15 6 7 Ballistic Gun 7 | . 10 28 28 28 3 3 1 . . 2 6 6 Impact Weapon 2 | . . . . . . . 5 7 7 3 1 3 Naked Turns . | . . . . . . . . . . . . . Heaviest Build 159 | 12 73 68 87 87 130 130 137 137 148 149 154 159 Greatest Support 98 | 32 46 46 46 46 69 69 93 98 98 98 98 98 Greatest Overweight (x) 34 | . 4 1 1 1 1 1 1 1 1 1 2 34 Average Overweight (x) 1 | . 1 1 . 1 1 1 1 1 1 1 . 1 Largest Inventory Capacity 40 | 6 20 20 24 24 32 32 32 32 32 32 40 40 Average Capacity 28 | 5 17 20 21 24 31 32 32 32 32 32 28 28 Most Carried 34 | 6 20 20 24 24 32 32 32 32 32 32 32 34 Average Carried 26 | 4 14 20 20 23 28 31 31 31 31 31 27 26 Final Capacity 32 | 6 20 20 24 24 32 32 32 32 32 32 32 28 Final Carried 32 | 6 20 20 24 24 32 31 32 32 32 32 32 27 Class Distribution -------------------- 74% | Hauler-Mutant 10% | Hauler-Tank 8% | Mutant Dominant Class ---------------- Mutant | -10/Materials Hauler-Mutant | -10/Mines Hauler-Mutant | -10/Exiles Hauler-Mutant | -9/Mines Hauler-Mutant | -8/Materials Hauler-Skirmisher | -7/Factory Hauler-Mutant | -7/Waste Hauler-Mutant | -7/Factory Hauler-Mutant | -7/Lower Caves Hauler-Mutant | -7/Lower Caves Hauler-Mutant | -7/Zion Hauler-Mutant | -7/Deep Caves Resources | -11 -10 -10 -10 -9 -8 -7 -7 -7 -7 -7 -7 -7 ----------- Run | Scr Mat Min Exi Min Mat Fac Was Fac Low Low Zio Dee Matter Collected 1770 | 260 230 . 50 78 180 23 80 30 10 70 40 719 Remotely . | . . . . . . . . . . . . . Salvage Created 4648 | 150 473 . . 111 1226 23 . 230 . 266 . 2169 Parts 164 | 13 32 . . 8 62 3 . 8 . 5 . 33 Haulers Intercepted 4 | . . . . . 3 . . 1 . . . . Recyclers Shooed 2 | . 1 . . 1 . . . . . . . . Parts Field Recycled . | . . . . . . . . . . . . . Retrieved Matter . | . . . . . . . . . . . . . Parts Self-Destructed 9 | . . . . . . . . . . 9 . . Prevented . | . . . . . . . . . . . . . Kills | -11 -10 -10 -10 -9 -8 -7 -7 -7 -7 -7 -7 -7 ------- Run | Scr Mat Min Exi Min Mat Fac Was Fac Low Low Zio Dee Combat Hostiles Destroyed 93 | . 11 . . 4 16 . . 1 . 5 . 56 Melee 1 | . . . . . . . . . . . . 1 Guns 44 | . 11 . . 4 14 . . 1 . 5 . 9 Cannons 1 | . . . . . . . . . . . . 1 AOE 34 | . . . . . 2 . . . . . . 32 Classes Destroyed 19 | 2 3 . . 1 7 . . 1 . 1 . 4 Worker 6 | . . . . 2 4 . . . . . . . Builder 1 | . . . . . 1 . . . . . . . Tunneler 4 | 3 . . . 1 . . . . . . . . Hauler 4 | . . . . . 3 . . 1 . . . . Recycler 2 | 1 1 . . . . . . . . . . . Mechanic 1 | . 1 . . . . . . . . . . . Operator 2 | . . . . . 2 . . . . . . . Watcher 4 | . . . . . 2 1 . 1 . . . . Swarmer 8 | . 3 . . 4 . . . . . 1 . . Grunt 21 | . 8 . . . 10 . . . . 3 . . Brawler 2 | . . . . . 1 . . 1 . . . . Sentry 4 | . . . . . 3 . . . . 1 . . Hunter 2 | . . . . . 2 . . . . . . . Z-Light 2 | . . . . . . . . . . . . 2 Assembler 2 | . . . . . . . . . . . . 2 Assembled 38 | . . . . . . . . . . . . 38 Golem 15 | . . . . . . . . . . . . 15 Butcher 1 | . . . . . . . . . . 1 . . Martyr 2 | . . . . . . . . 2 . . . . Best Kill Streak 32 | 2 3 . . 5 5 1 . 1 . 5 . 32 Combat Bots Only 32 | . 3 . . 4 4 . . 1 . 5 . 32 Max Kills in Single Turn 11 | 1 1 . . 2 4 1 . 1 . 1 . 11 Gunslinging 1 | . . . . 1 . . . . . . . . Exploded 11 | . . . . . 2 . . . . . . 11 Melee 1 | . . . . . . . . . . . . 1 Uniques/NPCs Destroyed 1 | . . . . . . . . . . . . 1 Z-Imprinter (-7/Deep Caves) Combat | -11 -10 -10 -10 -9 -8 -7 -7 -7 -7 -7 -7 -7 -------- Run | Scr Mat Min Exi Min Mat Fac Was Fac Low Low Zio Dee Damage Taken 6722 | . 825 . . 101 716 26 . 47 19 471 . 4517 Core 1060 | . 226 . . 10 102 . . . . . . 722 Absorbed by Shields . | . . . . . . . . . . . . . Reduced by Siege Mode 33 | . . . . . . . . . . . . 33 Core Remaining (%) 62 | 100 . . . 5 81 . . . . . . . Volleys Fired 300 | 17 72 . . 9 73 2 . 4 1 14 1 107 Largest 3 | 2 2 . . 2 2 3 . 2 2 3 2 3 Hottest 170 | 80 80 . . 40 122 147 . 142 142 170 109 150 Shots Fired 536 | 34 103 . . 18 129 5 . 8 2 34 2 201 Gun 512 | 34 103 . . 18 124 5 . 8 2 34 2 182 Cannon 13 | . . . . . . . . . . . . 13 Launcher 11 | . . . . . 5 . . . . . . 6 Special . | . . . . . . . . . . . . . Kinetic 106 | . 38 . . 18 . 1 . . . 10 1 38 Thermal 301 | 34 65 . . . 117 4 . 8 2 24 1 46 Explosive 6 | . . . . . . . . . . . . 6 Electromagnetic 123 | . . . . . 12 . . . . . . 111 Robot Hit Streak 52 | 8 9 . . 5 52 3 . 9 2 13 . 24 Robot Miss Streak 3 | 2 3 . . 2 1 2 . 2 . 1 . 3 Penetration Max 1 | . . . . . . . . . . . . 1 Secondary Targets 6 | . 1 . . 1 1 . . 1 . 2 . . Max Gunslinging Chain 1 | . 1 . . 1 1 . . 1 . 1 . . Shots Hit Robots 449 | 22 74 . . 11 106 3 . 10 2 25 . 196 Core Hits 304 | 5 25 . . 8 49 2 . 4 1 11 . 199 Critical Hits . | . . . . . . . . . . . . . Critical Kills . | . . . . . . . . . . . . . Critical Parts Destroyed . | . . . . . . . . . . . . . Melee Attacks 102 | . . . . . . . . 6 . 3 21 72 Impact 102 | . . . . . . . . 6 . 3 21 72 Slashing . | . . . . . . . . . . . . . Piercing . | . . . . . . . . . . . . . Sneak Attacks 3 | . . . . . . . . 3 . . . . Combat Hostiles . | . . . . . . . . . . . . . Follow-up Attacks . | . . . . . . . . . . . . . Damage Inflicted 11676 | 234 856 . . 154 1981 48 . 318 40 487 . 7558 Guns 5809 | 234 856 . . 154 1790 48 . 120 40 487 . 2080 Cannons 248 | . . . . . . . . . . . . 248 Explosions 3355 | . . . . . 191 . . . . . . 3164 Melee 2264 | . . . . . . . . 198 . . . 2066 Ramming . | . . . . . . . . . . . . . Kinetic 1004 | . 304 . . 154 . 14 . . . 87 . 445 Thermal 3984 | 234 552 . . . 1783 34 . 120 40 400 . 821 Explosive 2915 | . . . . . . . . . . . . 2915 Electromagnetic 1509 | . . . . . 198 . . . . . . 1311 Impact 2264 | . . . . . . . . 198 . . . 2066 Slashing . | . . . . . . . . . . . . . Piercing . | . . . . . . . . . . . . . Highest Corruption 2 | . 2 2 2 2 . 1 1 1 1 2 2 . Average Corruption 1 | . 1 2 2 2 . 1 1 1 1 1 2 . Corruption Purged . | . . . . . . . . . . . . . Effects 31 | . 3 . 6 3 . . 2 1 3 13 . . Message Errors 13 | . 2 . 2 2 . . 1 . . 6 . . Heat Flow Errors 2 | . . . 1 . . . . . . 1 . . Energy Discharges 8 | . . . . 1 . . 1 . 2 4 . . Data Loss (minor) 6 | . . . 3 . . . . . 1 2 . . Targeting Errors 2 | . 1 . . . . . . 1 . . . . Overload Shots . | . . . . . . . . . . . . . Overflow Damage 354 | . . . . . . . . 35 . . . 319 Projectiles 31 | . . . . . . . . . . . . 31 Explosions 121 | . . . . . . . . . . . . 121 Melee 202 | . . . . . . . . 35 . . . 167 Knockbacks 15 | . . . . . . . . 2 . . . 13 Impact 14 | . . . . . . . . 1 . . . 13 Kinetic . | . . . . . . . . . . . . . Secondary 1 | . . . . . . . . 1 . . . . Self-Inflicted Damage 221 | . . . . . 11 . . . . . . 210 Shots 10 | . . . . . 1 . . . . . . 9 Rammed . | . . . . . . . . . . . . . Targets Rammed . | . . . . . . . . . . . . . Kicked . | . . . . . . . . . . . . . Crushed . | . . . . . . . . . . . . . Highest Temperature 373 | 90 210 . 203 . 318 74 . 4 66 219 30 373 Average Temperature 81 | 40 86 . 107 . 74 25 . 4 37 122 17 103 Received Heat Transfer 1768 | . 420 . . . 333 . . 9 9 99 . 898 Effects 3 | . . . . . 2 . . . . . . 1 Interference 2 | . . . . . 2 . . . . . . . Short Circuit 1 | . . . . . . . . . . . . 1 Siege Activations 1 | . . . . . . . . . . . . 1 Total Turns 23 | . . . . . . . . . . . . 23 Longest Duration 23 | . . . . . . . . . . . . 23 Robots Corrupted 9 | . . . . . . . . . . . . 9 Combat Hostiles 9 | . . . . . . . . . . . . 9 Parts Fried 3 | . . . . . . . . 3 . . . . Impact Corruptions 12 | . . . . . . . . 2 . . . 10 Robots Melted . | . . . . . . . . . . . . . Combat Hostiles . | . . . . . . . . . . . . . Parts Melted 12 | . 4 . . . 6 . . 1 . 1 . . Heat Transferred 7418 | 525 1225 . . . 3813 74 . 222 74 777 . 708 Parts Sabotaged . | . . . . . . . . . . . . . Parts Stolen . | . . . . . . . . . . . . . Parts Stripped . | . . . . . . . . . . . . . Power Chain Reactions 4 | . . . . . 2 . . . . . . 2 Missiles Intercepted . | . . . . . . . . . . . . . Alert | -11 -10 -10 -10 -9 -8 -7 -7 -7 -7 -7 -7 -7 ------- Run | Scr Mat Min Exi Min Mat Fac Was Fac Low Low Zio Dee Peak Influence 917 | 20 143 15 . 120 309 143 50 917 . . . . Initial 50 | . 13 15 . . . 44 50 . . . . . Average 141 | 8 64 15 . 56 100 111 29 590 . . . . Maximum Alert Level 3 | . . . . . 1 . . 3 . . . . Low Security (%) 85 | 100 100 100 . 100 83 100 100 25 . . . . Level 1 5 | . . . . . 16 . . 4 . . . . Level 2 . | . . . . . . . . 1 . . . . Level 3 9 | . . . . . . . . 69 . . . . Level 4 . | . . . . . . . . . . . . . Level 5 . | . . . . . . . . . . . . . High Security . | . . . . . . . . . . . . . Max Security . | . . . . . . . . . . . . . Squads Dispatched 11 | . 3 . . . 4 . . 4 . . . . Investigation 4 | . 3 . . . 1 . . . . . . . Extermination . | . . . . . . . . . . . . . Reinforcement 4 | . . . . . 2 . . 2 . . . . Assault 1 | . . . . . . . . 1 . . . . Garrison 2 | . . . . . 1 . . 1 . . . . Intercept . | . . . . . . . . . . . . . Construction Impeded 1 | . . . . . . . . 1 . . . . Haulers Reinforced 1 | . . . . . . . . 1 . . . . Stealth | -11 -10 -10 -10 -9 -8 -7 -7 -7 -7 -7 -7 -7 --------- Run | Scr Mat Min Exi Min Mat Fac Was Fac Low Low Zio Dee Distress Signals 7 | . . . . . 7 . . . . . . . Communications Jammed . | . . . . . . . . . . . . . Distress Signals . | . . . . . . . . . . . . . Times Spotted 134 | . 15 . . 5 27 2 . 13 3 5 . 64 Peak Tracking Total 34 | . 3 . . 4 5 1 . 5 2 4 . 34 Tactical Retreats 15 | . 1 . . 1 3 . . . . . . 10 Traps | -11 -10 -10 -10 -9 -8 -7 -7 -7 -7 -7 -7 -7 ------- Run | Scr Mat Min Exi Min Mat Fac Was Fac Low Low Zio Dee Traps Triggered 8 | . 3 . . . 3 2 . . . . . . Indirectly 3 | . . . . . 3 . . . . . . . Trap Hack Attempts . | . . . . . . . . . . . . . Triggered . | . . . . . . . . . . . . . Disarmed . | . . . . . . . . . . . . . Reprogrammed . | . . . . . . . . . . . . . Reused . | . . . . . . . . . . . . . Traps Extracted . | . . . . . . . . . . . . . Installed . | . . . . . . . . . . . . . Triggered . | . . . . . . . . . . . . . Machines | -11 -10 -10 -10 -9 -8 -7 -7 -7 -7 -7 -7 -7 ---------- Run | Scr Mat Min Exi Min Mat Fac Was Fac Low Low Zio Dee Machines Disabled 17 | . . . . . 1 . . 9 . 3 . 4 Max in Single Turn 1 | . . . . . 1 . . . . 1 . 1 Machines Sabotaged . | . . . . . . . . . . . . . Garrisons Compromised . | . . . . . . . . . . . . . Overloaded Fab Kills . | . . . . . . . . . . . . . Fab Network Shutdowns . | . . . . . . . . . . . . . Hacking | -11 -10 -10 -10 -9 -8 -7 -7 -7 -7 -7 -7 -7 --------- Run | Scr Mat Min Exi Min Mat Fac Was Fac Low Low Zio Dee Machines Accessed 31 | . 8 . 2 1 10 4 . 3 1 2 . . Terminals 18 | . 7 . . . 7 1 . 3 . . . . Fabricators . | . . . . . . . . . . . . . Repair Stations 2 | . . . . . 1 1 . . . . . . Recycling Units 3 | . 1 . . . . 2 . . . . . . Scanalyzers 2 | . . . . . 2 . . . . . . . Garrison Access . | . . . . . . . . . . . . . Total Hacks 81 | . 30 . 2 1 29 6 . 7 1 5 . . Successful 53 | . 15 . 2 1 22 3 . 4 1 5 . . Failed 26 | . 14 . . . 6 3 . 3 . . . . Catastrophic 1 | . . . . . 1 . . . . . . . Database Lockouts 2 | . 1 . . . 1 . . . . . . . Manual 49 | . 27 . 1 . 12 3 . 4 . . 2 . Terminals 58 | . 29 . . . 19 3 . 7 . . . . Fabricators . | . . . . . . . . . . . . . Repair Stations 3 | . . . . . 2 1 . . . . . . Recycling Units 3 | . 1 . . . . 2 . . . . . . Scanalyzers 8 | . . . . . 8 . . . . . . . Garrison Access . | . . . . . . . . . . . . . Terminal Hacks 25 | . 6 . 2 1 7 1 . 2 1 5 . . Record 5 | . . . 1 . . . . . . 4 . . Robot Analysis 2 | . 1 . . . 1 . . . . . . . Prototype ID Bank 1 | . 1 . . . . . . . . . . . Open Door 3 | . . . . 1 . . . . 1 1 . . Branch Access Points 4 | . 1 . . . 1 1 . 1 . . . . Alert Level 1 | . . . . . . . . 1 . . . . Unreport Threat 2 | . . . . . 2 . . . . . . . Locate Traps 2 | . 1 . . . 1 . . . . . . . Recall Investigation 1 | . 1 . . . . . . . . . . . Hauler Manifests 2 | . 1 . . . 1 . . . . . . . Zone Layout 1 | . . . . . 1 . . . . . . . EX-Prototype ID Bank 1 | . . . 1 . . . . . . . . . Fabricator Hacks . | . . . . . . . . . . . . . Repair Station Hacks 2 | . . . . . 2 . . . . . . . Scan Component 1 | . . . . . 1 . . . . . . . Repair 1 | . . . . . 1 . . . . . . . Recycling Unit Hacks . | . . . . . . . . . . . . . Scanalyzer 7 | . . . . . 7 . . . . . . . Insert Component 4 | . . . . . 4 . . . . . . . Analyze 3 | . . . . . 3 . . . . . . . Garrison Access Hacks . | . . . . . . . . . . . . . Unauthorized Hacks 19 | . 9 . . . 6 2 . 2 . . . . Terminals 17 | . 8 . . . 6 1 . 2 . . . . Assimilate 3 | . 2 . . . 1 . . . . . . . Botnet 12 | . 5 . . . 4 1 . 2 . . . . Operators 2 | . 1 . . . 1 . . . . . . . Fabricators . | . . . . . . . . . . . . . Repair Stations . | . . . . . . . . . . . . . Recycling Units 2 | . 1 . . . . 1 . . . . . . Mask 1 | . . . . . . 1 . . . . . . Tunnel 1 | . 1 . . . . . . . . . . . Scanalyzers . | . . . . . . . . . . . . . Garrison Access . | . . . . . . . . . . . . . Data Cores Recovered 1 | . . . . . 1 . . . . . . . Used 1 | . . . . . 1 . . . . . . . Hacking Detections 21 | . 7 . . . 8 3 . 3 . . . . Full Trace Events 1 | . . . . . 1 . . . . . . . Feedback Events . | . . . . . . . . . . . . . Feedback Blocked . | . . . . . . . . . . . . . Robot Schematics Acquired . | . . . . . . . . . . . . . Robots Built . | . . . . . . . . . . . . . Matter . | . . . . . . . . . . . . . Time . | . . . . . . . . . . . . . Total Robot Build Rating . | . . . . . . . . . . . . . Part Schematics Acquired 3 | . . . . . 3 . . . . . . . Parts Built . | . . . . . . . . . . . . . Matter . | . . . . . . . . . . . . . Time . | . . . . . . . . . . . . . Total Part Build Rating . | . . . . . . . . . . . . . Parts Repaired 1 | . . . . . 1 . . . . . . . Time 32 | . . . . . 32 . . . . . . . Parts Recycled . | . . . . . . . . . . . . . Recycled Matter . | . . . . . . . . . . . . . Retrieved Matter . | . . . . . . . . . . . . . Retrieved Components . | . . . . . . . . . . . . . Parts Scanalyzed 3 | . . . . . 3 . . . . . . . Part Schematics Acquired 3 | . . . . . 3 . . . . . . . Parts Damaged . | . . . . . . . . . . . . . Bothacking | -11 -10 -10 -10 -9 -8 -7 -7 -7 -7 -7 -7 -7 ------------ Run | Scr Mat Min Exi Min Mat Fac Was Fac Low Low Zio Dee Used RIF Installer . | . . . . . . . . . . . . . Robots Hacked . | . . . . . . . . . . . . . Non-combat . | . . . . . . . . . . . . . Combat . | . . . . . . . . . . . . . Robot Hacks Applied . | . . . . . . . . . . . . . Relay Couplers Released . | . . . . . . . . . . . . . Robots Rewired . | . . . . . . . . . . . . . Allies Hacked . | . . . . . . . . . . . . . Hacks Repelled . | . . . . . . . . . . . . . Allies | -11 -10 -10 -10 -9 -8 -7 -7 -7 -7 -7 -7 -7 -------- Run | Scr Mat Min Exi Min Mat Fac Was Fac Low Low Zio Dee Total Allies 27 | . 1 1 . 3 . . 20 . . . 2 . Largest Group 20 | . 1 2 2 4 4 . 20 20 5 5 2 2 Highest-Rated Group 477 | . 10 41 41 50 50 . 477 477 151 151 188 188 Highest-Rated Ally 94 | . 10 31 31 16 16 . 35 35 35 35 94 94 Total Orders 1 | . . . . . . . . . . . 1 . RETURN 1 | . . . . . . . . . . . 1 . Ally Attacks 181 | . . . . . 20 . . 101 16 2 . 42 Total Damage 7066 | . . . . . 170 . . 4323 498 320 . 1755 Kills 56 | . . . . . 3 . . 38 3 4 . 8 Allies Corrupted 1 | . . . . . . . . 1 . . . . Allies Melted . | . . . . . . . . . . . . . Intel | -11 -10 -10 -10 -9 -8 -7 -7 -7 -7 -7 -7 -7 ------- Run | Scr Mat Min Exi Min Mat Fac Was Fac Low Low Zio Dee Robot Analysis Total 2 | . 1 . . . 1 . . . . . . . Derelict Logs Recovered 6 | . . . . 3 . . . . 1 1 1 . Drone Launches 2 | . . . . . . . . . 1 1 . . Drone Recoveries 2 | . . . . . . . . . . 1 1 . Exploration | -11 -10 -10 -10 -9 -8 -7 -7 -7 -7 -7 -7 -7 ------------- Run | Scr Mat Min Exi Min Mat Fac Was Fac Low Low Zio Dee Turns Passed 12336 | 151 1033 27 652 561 1372 298 670 643 910 1176 1988 2855 Spaces Moved 6242 | 83 648 15 348 281 576 161 353 337 501 617 1154 1168 Core 153 | 1 . . . . . . . . . . 149 3 Treads 4666 | . 12 15 348 281 576 161 353 337 501 617 954 511 Legs 705 | . . . . . . . . . . . 51 654 Wheels 718 | 82 636 . . . . . . . . . . . Hover . | . . . . . . . . . . . . . Flight . | . . . . . . . . . . . . . Fastest Speed 50 | 50 100 180 160 180 180 180 180 180 180 180 50 140 Average Speed 168 | 99 117 180 179 180 180 180 180 180 180 180 161 177 Slowest Speed 1750 | 100 200 180 180 180 180 180 180 180 180 180 200 1750 Overloaded Moves . | . . . . . . . . . . . . . Propulsion Burnouts . | . . . . . . . . . . . . . Robots Hopped . | . . . . . . . . . . . . . Cave-ins Triggered 1 | . . . . . . . . . . 1 . . Exploration Rate (%) 57 | 6 89 6 70 73 56 6 96 15 71 82 83 90 Regions Visited 12 Branch Regions 7 Pre-discovered Areas 9 | . 1 . 1 2 . . . . . 1 4 . Known Exits Taken 4 | . 1 . . . . . . 1 1 1 . . Unknown Exits Taken 6 | 1 . 1 1 1 1 . . . . . 1 . Scrap Searched 11 | . . . . 4 . . . . 2 1 4 . Spaces Dug 21 | . . . . . . . . 2 . 3 3 13 Terrain Destroyed 48 | . . . . . 5 . . 2 . 3 3 35 Melee 9 | . . . . . . . . 2 . 3 3 1 Projectile 13 | . . . . . . . . . . . . 13 AOE 26 | . . . . . 5 . . . . . . 21 Terrain Rammed . | . . . . . . . . . . . . . Walls Destroyed . | . . . . . . . . . . . . . Machines Disabled . | . . . . . . . . . . . . . Actions | -11 -10 -10 -10 -9 -8 -7 -7 -7 -7 -7 -7 -7 --------- Run | Scr Mat Min Exi Min Mat Fac Was Fac Low Low Zio Dee Total 7489 | 114 831 16 381 320 780 166 399 364 509 654 1260 1695 Wait 440 | . 52 . 1 25 95 1 4 3 3 10 9 237 Move 6231 | 82 647 14 347 280 575 161 352 336 500 616 1153 1168 Hop . | . . . . . . . . . . . . . Pick Up 163 | 7 24 1 22 2 15 . 12 5 2 3 35 35 Fast Attach 48 | 7 7 . 1 . 4 1 5 . . 1 8 14 Attach 34 | . 4 . 1 . 5 1 . . . 1 7 15 Detach 6 | . 1 . . . . . 2 . . . 1 2 Swap 38 | . 7 . . 1 7 . 3 3 1 2 3 11 Drop 126 | 1 17 1 9 3 6 . 21 7 2 3 22 34 Fire 300 | 17 72 . . 9 73 2 . 4 1 14 1 107 Melee 102 | . . . . . . . . 6 . 3 21 72 Ram . | . . . . . . . . . . . . . Kick . | . . . . . . . . . . . . . Crush . | . . . . . . . . . . . . . Escape Stasis . | . . . . . . . . . . . . . Rewire 1 | . . . . . . . . . . 1 . . Trap . | . . . . . . . . . . . . . Miscellaneous . | . . . . . . . . . . . . . Route ------- -11/Scrapyard -10/Materials (discovered 5 exits: [*Mat x3] / *Min x2) -10/Mines -10/Exiles -9/Mines -8/Materials (discovered 2 exits: *Fac x2) -7/Factory (discovered 2 exits: Low x2) -7/Waste -7/Factory (discovered 2 exits: *Low x2) -7/Lower Caves -7/Lower Caves (discovered 2 exits: [*Fac] / *Zio) -7/Zion (discovered 2 exits: [*Dee] / [*Pro]) -7/Deep Caves (discovered 1 exit: [*Pro]) History --------- Turn | Location | Event 25 | -11/Scrapyard | Discovered new exit (range 16) 152 | -11/Scrapyard | Entered Materials 312 | -10/Materials | Build established: Mutant 384 | -10/Materials | Discovered new exit (range 6) 401 | -10/Materials | Discovered new exit (range 5) 451 | -10/Materials | Identified exit to Mines 504 | -10/Materials | Discovered new exit (range 15) 581 | -10/Materials | Core integrity fell below 50% 780 | -10/Materials | Central database locked down 811 | -10/Materials | Discovered new exit (range 16) 1054 | -10/Materials | Build established: Hauler-Mutant 1068 | -10/Materials | Core integrity fell below 20% 1185 | -10/Materials | Entered Mines 1185 | -10/Mines | Accompanied by 1 ally 1188 | -10/Mines | Received a Mining Laser from a helpful Derelict 1205 | -10/Mines | Deemed a non-threat by the Exiles lab entrance 1205 | -10/Mines | Discovered new exit (range 5) 1212 | -10/Mines | Entered Exiles 1212 | -10/Exiles | Accompanied by 2 allies 1256 | -10/Exiles | Met 8R-AWN 1286 | -10/Exiles | Met EX-HEX 1362 | -10/Exiles | Met EX-DEC 1369 | -10/Exiles | Learned location of Zion (-7) 1403 | -10/Exiles | Met EX-BIN 1428 | -10/Exiles | Aligned with FarCom system 1430 | -10/Exiles | Given EX-Vault access code 1472 | -10/Exiles | Opened EX-Vault 1491 | -10/Exiles | Found Army-in-a-Box 1527 | -10/Exiles | Warned to stay clear of 0b10 Research branches 1849 | -10/Exiles | Discovered new exit (range 10) 1864 | -10/Exiles | Left Exiles lab with Army-in-a-Box 1864 | -10/Exiles | Entered Mines 1864 | -9/Mines | Accompanied by 1 ally 2010 | -9/Mines | Learned Materials terminal intel 2026 | -9/Mines | Found a hidden stash of uninstalled traps 2197 | -9/Mines | Assisted by bots powering up and referring to "LRC-V3" 2290 | -9/Mines | Found the Drone Emporium 2298 | -9/Mines | Found Prototype Device 2333 | -9/Mines | Learned Materials emergency access door positions 2408 | -9/Mines | Discovered new exit (range 7) 2409 | -9/Mines | Learned location of Storage (-9) 2425 | -9/Mines | Entered Materials 2425 | -8/Materials | Accompanied by 4 allies 2425 | -8/Materials | Evolved 4 slots: Propulsion x1, Utility x3 2427 | -8/Materials | Loaded intel: 12 terminal locations 2619 | -8/Materials | Central database locked down 2760 | -8/Materials | Identified Sensor Drone Bay 2796 | -8/Materials | Discovered new exit (range 3) 3301 | -8/Materials | Garrison activated, responded to threat 3603 | -8/Materials | Repaired Imp. Treads? 3656 | -8/Materials | Discovered new exit (range 12) 3797 | -8/Materials | Entered Factory 3797 | -7/Factory | Evolved 2 slots: Utility x1, Weapon x1 3885 | -7/Factory | Identified exit to Lower Caves 4095 | -7/Factory | Sucked down chute 4095 | -7/Factory | Entered Waste 4096 | -7/Waste | Joined by Warlord forces that had cleared the area 4173 | -7/Waste | Found Broken Quantum Capacitor 4231 | -7/Waste | Build established: Hauler-Skirmisher 4469 | -7/Waste | Found Damper Plating 4558 | -7/Waste | Build established: Hauler-Mutant 4725 | -7/Waste | Discovered new exit (range 16) 4765 | -7/Waste | Entered Factory 4765 | -7/Factory | Accompanied by 20 allies 4962 | -7/Factory | Garrison activated, responded to threat 5165 | -7/Factory | First assault squad dispatched 5408 | -7/Factory | Entered Lower Caves 5408 | -7/Lower Caves | Accompanied by 5 allies 5542 | -7/Lower Caves | Learned 4 Factory zone layouts 5705 | -7/Lower Caves | Encountered a Warlord checkpoint 5785 | -7/Lower Caves | Discovered new exit (range 8) 5798 | -7/Lower Caves | Identified exit to Lower Caves 6318 | -7/Lower Caves | Entered another Lower Caves area 6318 | -7/Lower Caves | Accompanied by 6 allies 6453 | -7/Lower Caves | Discovered new exit (range 6) 6816 | -7/Lower Caves | Encountered a Warlord checkpoint 6878 | -7/Lower Caves | Crushed by falling debris 7014 | -7/Lower Caves | Attracted the attention of an 0b10 base 7296 | -7/Lower Caves | Build established: Hauler-Tank 7349 | -7/Lower Caves | Learned Research stockpile data 7349 | -7/Lower Caves | Learned Extension terminal intel 7431 | -7/Lower Caves | Discovered new exit (range 15) 7489 | -7/Lower Caves | Identified exit to Zion 7494 | -7/Lower Caves | Entered Zion 7494 | -7/Zion | Accompanied by 1 ally 7583 | -7/Zion | System corruption cleaned by Quarantine Array 7622 | -7/Zion | Given A8's code to call for help 7626 | -7/Zion | Discovered new exit (range 12) 7896 | -7/Zion | Learned location of Data Miner (-6) 7926 | -7/Zion | Build established: Hauler-Mutant 7939 | -7/Zion | Given the Hacking Drone Bay 8436 | -7/Zion | Found Prototype Launcher 8436 | -7/Zion | Identified Rocket Array 8469 | -7/Zion | Learned Factory security intel 8523 | -7/Zion | Received a visual enhancement algorithm 8589 | -7/Zion | Learned location of Warlord (-5) 9276 | -7/Zion | Discovered new exit (range 5) 9277 | -7/Zion | Saw the warning signs outside the Deep Caves entrance 9455 | -7/Zion | Enhanced Grunt warped into view, answering call for help 9468 | -7/Zion | Enhanced Grunt warped into view, answering call for help 9482 | -7/Zion | Entered Deep Caves 9482 | -7/Deep Caves | Accompanied by 2 allies 9679 | -7/Deep Caves | Attacked by Z-Imprinter 9681 | -7/Deep Caves | Build established: Hauler-Tank 9702 | -7/Deep Caves | Destroyed Z-Imprinter 9811 | -7/Deep Caves | Z-Facility disabled 10081 | -7/Deep Caves | Spotted as-10644 10116 | -7/Deep Caves | Destroyed as-10644 10172 | -7/Deep Caves | Exposed GOLEM chamber 10223 | -7/Deep Caves | Found GOLEM Unit 10229 | -7/Deep Caves | Found GOLEM Unit 10261 | -7/Deep Caves | Found GOLEM Unit 10271 | -7/Deep Caves | Triggered Deep Caves wall 10317 | -7/Deep Caves | Spotted AS-27995 10324 | -7/Deep Caves | Destroyed 32 combat bots 10336 | -7/Deep Caves | Destroyed AS-27995 10348 | -7/Deep Caves | Spotted AS-97512 10365 | -7/Deep Caves | Destroyed AS-97512 10392 | -7/Deep Caves | Build established: Hauler-Mutant 10498 | -7/Deep Caves | Spotted as-53709 10796 | -7/Deep Caves | Core integrity fell below 50% 10825 | -7/Deep Caves | Destroyed as-53709 10855 | -7/Deep Caves | Lost 9 parts (1p4n2u2w) 10914 | -7/Deep Caves | Found 0b10 Alert Chip 11302 | -7/Deep Caves | Found GOLEM Unit 11492 | -7/Deep Caves | Discovered new exit (range 6) 11657 | -7/Deep Caves | Found Surveybot 24 Chip 11660 | -7/Deep Caves | Found Surveybot 24 Scanner 12322 | -7/Deep Caves | Core integrity fell below 20% 12337 | -7/Deep Caves | Destroyed by G3-FH1(z) with Zionite Laser-S Last Messages --------------- 11985_ Acquired Enh. Flexi-carbon Leg. 12044_ Acquired 40 matter. 12055_ Dropped Zio. Laser-M. 12056_ Acquired Prototype Energy Gun. 12056_ Identified Zio. Laser-S. 12057_ Dropped Zio. Laser-S. 12060_ Acquired Zio. Laser-M. 12070_ Acquired 20 matter. 12214_ Dropped Enh. Flexi-carbon Leg. 12214_ Acquired Prototype Storage. 12317_ Slug penetrates VL-C48(z). 12319_ Zio. Laser-M destroyed. 12321_ Gauss Rifle destroyed. 12323_ Rocket Array destroyed. 12326_ GOLEM Unit beginning Asb. Focal Cannon integration. 12327_ I4-CX4(z) destroyed. 12334_ GOLEM Unit permanently disabled. 12334_ Overheating: Short circuit. 12335_ Zio. Light DM Reactor destroyed. 12335_ Asb. Focal Cannon destroyed. Map ----- +----------------------------------------------------+ | | | | | | | | | ??????????????#######??????###############??####?? | | ??????????????# #??????# !!!!!=!!!!="#??# !#?? | | #####?????????# ### #??????# ##??# =#?# | | ##???????## #"# #??????# ############???# ### | | ##?????## # # #?????## ###????????????#/#"# | | #?????# !% !#???### ####? #?????# ## | | #?????# ##???# # ## ?# | | #?????## ## #???# | | #???????# ### ##??## | | ##???????# ### #???### | | ####????????# #???##"# | | ##???????????# #### ##??## # " | | ?????????????# #??###???#;;# " | | ?????####????# #???????## " " | | ????# ##???# ###?????#= " | | ???# #???# ##????# !# " | | ### #???# ##???##;#" " | | # #???## #??### ; " | | #??### #??# # " | | ####?## #??# z " | | ##????# ##???#; z! " | | ###?????## ##???# @=%* | | #????????# #### #??# zz | | #????????# ##### #??## | | ######???# #???# | | ## ##??####### #???## | | ########## #????### | | #??????# | | #??????## | | ########???????# | | ##?????##### | | ##???## ## | | ##??# ## | | #??# # | | #?## | | #### | | ### | | ##?## | | # ##### | | # ## ########### | | # ## ##?????????# ??????? | | ### ##??????????### ???????? | | #######?????????????# ???????? | | #???????????????????## ????????? | | #????????????????????# ????????? | | #????????????????????# ##?????????? | +----------------------------------------------------+ Best States ------------- Heat Dissipation 87 Energy Generation 27 Energy Capacity 1310 Matter Stores 300 Matter Capacity 300 Sight Range 16 Terrain Scan Range 16 Terrain Scan Density 10 Armor Coverage 300 Evasion (%) 50 Recoil Reduction 3 Offensive Hacking 14 Item Schematics ----------------- Hcp. Storage Unit | -8/Materials | Scanalyzed Imp. Light Armor Plating | -8/Materials | Scanalyzed Imp. Treads | -8/Materials | Scanalyzed Robot Schematics ------------------ None Fabricated ------------ Nothing Alien Tech Used ----------------- None Achievements -------------- Killing Spree Challenges ------------ None Game ------ Seed RelaySpectralDeconstructor Manual? 0 Play Time 02:25:47 Cumulative 125.6 hours Start 2021.11.23 @ 14:38:35 End 2021.11.23 @ 21:52:52 Sessions 3 Manual Loads 0 Difficulty Rogue Special Mode None Game No. 27 Rogue 27 Adventurer 0 Explorer 0 Win Type - Total 6 Types 4/2/0/0/0/0/0/0/0 Lore% 68 Gallery% 66 Achievement% 57 Wizard Run 0 Options --------- ASCII 0 Keyboard 0 Movement Vi Keybinds 0 Fullscreen 1 Font 36/Smallcaps Map View 76x50 Tactical HUD 1 Map Filters NONE Filters NONE Steam 1 RUN: 085cc1fe-da0e-476f-84b8-dc05a6d6563d